 Dungeon Crawl Stone Soup version 0.13.1-28-g3517093 (webtiles) character file.

299 Magician the Ruffian (level 5, -4/81 HPs)
             Began as a Troll Berserker on Mar 8, 2014.
             Was a Believer of Trog.
             Slain by a gnoll
             ... wielding a +0,+0 halberd
              (11 damage)
             ... on Level 4 of the Dungeon.
             The game lasted 00:03:23 (361 turns).

Magician the Ruffian (Troll Berserker)               Turns: 361, Time: 00:03:23

HP  -4/81        AC  5     Str 30      XL: 5   Next: 79%
MP   1/1         EV 10     Int  4      God: Trog [**....]
Gold 59          SH  0     Dex  9      Spells:  0 memorised,  4 levels left

Res.Fire  : . . .   See Invis. : .     - Unarmed
Res.Cold  : . . .   Warding    : .   b - +0 animal skin
Life Prot.: . . .   Conserve   : .   (shield restricted)
Res.Poison: .       Res.Corr.  : .   (helmet restricted)
Res.Elec. : .       Clarity    : .   (no cloak)
Sust.Abil.: . .     Spirit.Shd : .   (gloves unavailable)
Res.Mut.  : .       Stasis     : .   (boots unavailable)
Res.Rott. : .       Flight     : .   (no amulet)
Gourmand  : +                        (no ring)
                                     (no ring)

@: regenerating, berserking, very quick, quite resistant to hostile
enchantments, extremely unstealthy
A: unfitting armour, claws 3, fast metabolism 3, gourmand, regeneration 2,
saprovore 2, tough skin 2, AC +1
a: Burn Spellbooks, Berserk, Trog's Hand, Renounce Religion


You were on level 4 of the Dungeon.
You worshipped Trog.
Trog was pleased with you.
You were hungry.

You visited 1 branch of the dungeon, and saw 4 of its levels.

You collected 39 gold pieces.

Inventory:

Armour
 b - a +0 animal skin (worn)
 g - a +0 cloak
Comestibles
 a - 2 meat rations
 d - a bread ration
Scrolls
 f - a scroll of curse armour {unknown}
 i - 2 scrolls of fear {unknown}
 l - a scroll of curse weapon {unknown}
 m - a scroll of remove curse {unknown}
 n - a scroll of identify {unknown}
Potions
 c - a potion of brilliance {unknown}
 e - a potion of slowing {unknown}
 h - a potion of curing {unknown}
 j - a potion of agility {unknown}
 k - a potion of resistance {unknown}


   Skills:
 + Level 4.2 Fighting
 - Level 2.6 Dodging
 + Level 5.1 Unarmed Combat


You had 4 spell levels left.
You didn't know any spells.

Dungeon Overview and Level Annotations

Branches:
Dungeon (4/27)
 Temple: D:4-7

Altars:


Innate Abilities, Weirdness & Mutations

You are too large for most types of armour.
You have claws for hands.
Your metabolism is lightning-fast.
You like to eat raw meat.
You heal very quickly.
You can eat rotten meat.
You are covered in fur (AC +1).
You have very tough skin (AC +2).


Message History

You barely miss the gnoll. The bat hits you but does no damage.
The gnoll hits you from afar with a spear!
* * * LOW HITPOINT WARNING * * *
The gnoll barely misses you. The gnoll hits you with a whip.
* * * LOW HITPOINT WARNING * * *
You claw the gnoll!
The gnoll begins to bleed from its wounds!
The gnoll is severely wounded.
You mangle the gnoll!!
You kill the gnoll!
Trog accepts your kill. The bat completely misses you.
The gnoll barely misses you. The gnoll closely misses you.
The bat barely misses you. The gnoll hits you but does no damage.
You see here a whip.
You claw the gnoll!
The gnoll begins to bleed from its wounds!
The gnoll is almost dead.
The bat barely misses you. The gnoll hits you with a halberd!
You die...

#.#.##......#..$. .
................? ..#.
......................#
#.#..#..#.#......?......
#....##.#.#...........$#
#....####.#....###..#..#
#.......<..............##
....)........{.g.%........
.....).........g@.........
#....####.#...o###b.#..###
#......##.#....# .....
...............# ..#..#
#....####.#...g# ..# ...
.....# #.#...o{ ... #
#..... .......## .$#.
..... ....?.... .... .
..#.#..# .


You could see 2 gnolls, an orc and a bat.

Vanquished Creatures
  Duvessa (D:4)
  Dowan (D:4)
  An orc wizard (D:3)
  A worker ant (D:4)
  2 gnolls (D:4)
  4 adders
  An ooze (D:1)
  3 orcs (D:3)
  2 goblins
  2 hobgoblins (D:1)
  3 jackals (D:4)
  2 quokkas (D:3)
  A bat (D:1)
  2 giant newts
  A kobold (D:3)
  4 rats
31 creatures vanquished.

Notes
Turn   | Place    | Note
--------------------------------------------------------------
     0 | D:1      | Magician, the Troll Berserker, began the quest for the Orb.
     0 | D:1      | Reached XP level 1. HP: 23/23 MP: 0/0
    73 | D:1      | Reached XP level 2. HP: 31/31 MP: 0/0
   190 | D:3      | Reached XP level 3. HP: 32/39 MP: 1/1
   239 | D:3      | Acquired Trog's second power
   258 | D:3      | Reached skill level 4 in Unarmed Combat
   258 | D:3      | Reached XP level 4. HP: 21/46 MP: 1/1
   286 | D:4      | Noticed Duvessa
   293 | D:4      | Noticed Dowan
   298 | D:4      | Killed Duvessa
   298 | D:4      | Reached XP level 5. HP: 12/54 MP: 1/1
   302 | D:4      | Killed Dowan
   354 | D:4      | Reached skill level 5 in Unarmed Combat
   357 | D:4      | HP: 3/81 [gnoll/whip (5)]
   361 | D:4      | Slain by a gnoll

Action                   |  1- 3 |  4- 6 || total
-------------------------+-------+-------++-------
Melee: Unarmed           |    59 |    39 ||    98
Invok: Berserk           |       |     2 ||     2
       Trog's Hand       |       |     1 ||     1
